 Dungeon Crawl Stone Soup version 0.31-a0-496-g6f97920a28 (webtiles) character file.

Game seed: 5742934122919064712

200 CraigForest the Slasher (level 5, -3/47 HPs)
             Began as a Minotaur Monk on Aug 8, 2023.
             Splashed by a jelly's acid (7 damage)
             ... on level 4 of the Dungeon.
             The game lasted 00:05:36 (2731 turns).

CraigForest the Slasher (Minotaur Monk)             Turns: 2731, Time: 00:05:36

Health: -3/47      AC: -3    Str: 16    XL:     5   Next: 48%
Magic:  4/4        EV: 13    Int:  7    God:
Gold:   249        SH:  0    Dex: 14    Spells: 4/4 levels left

rFire   . . .        a - +0 falchion
rCold   . . .        d - orb {light}
rNeg    . . .        g - +0 leather armour
rPois   .            (helmet restricted)
rElec   .            l - +0 cloak
rCorr   .            (no gloves)
SInv    .            (no boots)
Will    .....        (no amulet)
Stlth   +            (no ring)
HPRegen 0.27/turn    (no ring)
MPRegen 0.09/turn

%: no passive effects
@: corroded, glowing
A: horns 2, retaliatory headbutt
a: no special abilities


You were on level 4 of the Dungeon.
You visited 1 branch of the dungeon, and saw 4 of its levels.

You collected 249 gold pieces.

Inventory:

Hand Weapons
 a - a +0 falchion (weapon)
 u - a +0 broad axe
Armour
 b - a +0 robe
 d - an orb of light (worn)
 g - a +0 leather armour (worn)
 l - a +0 cloak (worn)
Wands
 s - a wand of paralysis (5)
Scrolls
 f - a scroll of teleportation {unknown}
 h - a scroll of torment {unknown}
 k - 2 scrolls of noise {unknown}
 m - 4 scrolls of identify {unknown}
 o - a scroll of enchant weapon {unknown}
 p - 2 scrolls of fog {unknown}
 t - a scroll of blinking {unknown}
 v - a scroll of brand weapon {unknown}
Potions
 c - 3 potions of ambrosia
 e - 3 potions of curing {unknown}
 i - 2 potions of heal wounds {unknown}
 j - a potion of resistance {unknown}
 n - a potion of invisibility {unknown}
 q - a potion of mutation {unknown}
 r - a potion of lignification {unknown}


   Skills:
 + Level 4.6 Fighting
 + Level 5.6 Long Blades
 + Level 2.3 Armour
 + Level 4.2 Dodging


You had 4 spell levels left.
You didn't know any spells.
Your spell library contained the following spells:

 Spells                   Type           Power      Damage    Failure   Level
 Cigotuvi's Dreadful Rot  Necr/Pois/Air  0%         N/A       63%         2
 Poisonous Vapours        Pois/Air       0%         N/A       63%         2
 Ignite Poison            Fire/Tmut/Pois 0%         N/A       86%         3
 Mephitic Cloud           Conj/Pois/Air  0%         N/A       86%         3
 Freezing Cloud           Conj/Ice/Air   0%         6-21      100%        5


Dungeon Overview and Level Annotations

Branches:
Dungeon (4/15)
 Temple: D:4-7

Altars:
Xom


Innate Abilities, Weirdness & Mutations

You have a pair of horns on your head.
You reflexively headbutt those who attack you in melee.


Message History

You are too injured to fight recklessly!
You are too injured to fight recklessly!
You are too injured to fight recklessly!
You are too injured to fight recklessly!
You are too injured to fight recklessly!
You are too injured to fight recklessly!
You are too injured to fight recklessly!
You are too injured to fight recklessly!
You are too injured to fight recklessly!
You are too injured to fight recklessly!
You are too injured to fight recklessly!
You are too injured to fight recklessly!
You are too injured to fight recklessly!
You are too injured to fight recklessly!
You are too injured to fight recklessly!
You are too injured to fight recklessly!
You are too injured to fight recklessly!
You are too injured to fight recklessly!
You are too injured to fight recklessly!
You are too injured to fight recklessly!
You are too injured to fight recklessly!
You are too injured to fight recklessly!
You are too injured to fight recklessly!
You are too injured to fight recklessly!
You are too injured to fight recklessly!
You are too injured to fight recklessly!
You are too injured to fight recklessly!
You are too injured to fight recklessly!
You are too injured to fight recklessly!
You are too injured to fight recklessly!
You are too injured to fight recklessly!
You are too injured to fight recklessly!
You are too injured to fight recklessly!
You are too injured to fight recklessly!
You are too injured to fight recklessly!
You are too injured to fight recklessly!
The jelly attacks as you move away! The jelly hits you.
* * * LOW HITPOINT WARNING * * *
The acid corrodes you!
You are splashed with acid!
You die...

.....## .....# .....# .... #...
#..# #..# #.J# ####.@# #######
#....†# #......
#.###.##########.##### #
#............# ##############
#################################


You could see a jelly.

Vanquished Creatures
  A hound (D:4)
  An iguana (D:4)
  Natasha (twice) (D:3)
  3 adders
  A worm (D:2)
  2 dart slugs
  2 orcs (D:3)
  5 ball pythons
  8 bats
  4 endoplasms
  2 giant cockroaches (D:1)
  6 goblins
  4 hobgoblins
  4 kobolds
  3 quokkas
  11 rats
59 creatures vanquished.

Notes
Turn   | Place    | Note
-------+----------+-------------------------------------------
     0 | D:1      | CraigForest the Minotaur Monk began the quest for the Orb.
     0 | D:1      | Reached XP level 1. HP: 19/19 MP: 0/0
   231 | D:1      | Reached XP level 2. HP: 22/27 MP: 1/1
   336 | D:1      | Reached skill level 4 in Long Blades
   893 | D:2      | Reached XP level 3. HP: 33/33 MP: 2/2
  1313 | D:2      | Reached skill level 1 in Armour
  1335 | D:2      | Found a shimmering altar of Xom.
  1484 | D:2      | Reached XP level 4. HP: 41/41 MP: 3/3
  1742 | D:3      | Noticed Natasha
  1747 | D:3      | Killed Natasha
  1752 | D:3      | Reached skill level 5 in Long Blades
  2245 | D:3      | Noticed Natasha
  2254 | D:3      | Killed Natasha
  2348 | D:3      | Reached XP level 5. HP: 45/47 MP: 4/4
  2731 | D:4      | Splashed by a jelly's acid

Illustrated notes

Levels and vault maps discovered:
D:1:      dpeg_arrival_shrine, layout_loops_ring, minmay_misc_feat_nine_boxes,
          grunt_decor_fettered, minmay_rat_gold_closets
D:2:      layout_loops_corners, basic_altar
D:3:      layout_basic, kennysheep_big_empty_room,
          minmay_misc_feat_more_columns, uniq_natasha
D:4:      minmay_opposing_rooms, layout_basic, roderic_filled_cross,
          minmay_lizard_king

Skill      XL: |  1  2  3  4 |
---------------+-------------+-----
Long Blades    | 4 5 |  5.6
Fighting       | 4 |  4.6
Armour         | 1 2 |  2.3
Dodging        | 4 |  4.2

Action                     |  1- 3 |  4- 6 || total
---------------------------+-------+-------++-------
  Melee: Falchion          |    81 |    45 ||   126
         Headbutt          |    11 |     9 ||    20
 Armour: Robe              |     4 |       ||     4
         Leather armour    |    19 |    16 ||    35
  Dodge: Dodged            |    54 |    31 ||    85

Table legend: (Time is in decaauts)
 A = Elapsed time spent in this place.
 B = Non-inter-level travel time spent in this place.
 C = Inter-level travel time spent in this place.
 D = Time resting spent in this place.
 E = Time spent auto-exploring this place.
 F = Levels seen in this place.
 G = Mean time per level.
                   A        B        C        D        E       F      G
               +--------+--------+--------+--------+--------+-----+--------+
         Total |   2739 |   2671 |     68 |      0 |   2260 |   4 |  684.8 |
       Dungeon |   2739 |   2671 |     68 |      0 |   2260 |   4 |  684.8 |
               +--------+--------+--------+--------+--------+-----+--------+

Top non-repeatable levels by time:
     D:3: 900 daAuts
     D:1: 875 daAuts
     D:2: 783 daAuts
     D:4: 179 daAuts
